 Dungeon Crawl Stone Soup version 0.29-a0-453-gf113fcf677 (webtiles) character file.

Game seed: 833409393460484016

48 Ge0ff the Grave Robber (level 3, -2/16 HPs)
             Began as a Vine Stalker Necromancer on May 19, 2022.
             Killed from afar by a white imp (8 damage)
             ... with a puff of frost
             ... summoned by Natasha
             ... on level 2 of the Dungeon.
             The game lasted 00:03:55 (1682 turns).

Ge0ff the Grave Robber (Vine Stalker Necromancer)   Turns: 1682, Time: 00:03:56

Health: -2/16      AC:  3    Str: 10    XL:     3   Next: 72%
Magic:  0/7        EV: 12    Int: 17    God:
Gold:   77         SH:  0    Dex: 14    Spells: 5/6 levels left

rFire   . . .      SeeInvis .   a - +1 dagger (vamp)
rCold   . . .      Faith    .   (no shield)
rNeg    . . .      Spirit   +   P - +0 robe
rPois   .          Reflect  .   (no helmet)
rElec   .          Harm     .   W - +0 cloak
rCorr   .          Rampage  .   (no gloves)
Will    .....                   (no boots)
Stlth   ++........              (no amulet)
HPRegen 0.05/turn               (no ring)
MPRegen 0.10/turn               (no ring)

@: weak-willed
A: fangs 2, magic shield, antimagic bite, no potion heal 2
a: no special abilities


You were on level 2 of the Dungeon.
You visited 1 branch of the dungeon, and saw 2 of its levels.

You collected 77 gold pieces.

Inventory:

Hand Weapons
 a - a +1 vampiric dagger (weapon)
Missiles
 L - 50 stones
 O - 5 javelins
Armour
 P - a +0 robe (worn)
 V - a +0 buckler
 W - a +0 cloak (worn)
 Y - the +3 pair of gauntlets of War {Slay+5}
   (You acquired it on level 2 of the Dungeon)

   Slay:      It affects your accuracy & damage with ranged weapons and melee
   (+5).
Scrolls
 U - a scroll of identify {unknown}
 X - a scroll of immolation {unknown}
Potions
 K - a potion of magic {!q}
 M - a potion of curing {unknown}
 Q - a potion of mutation {unknown}
 T - 2 potions of brilliance {unknown}


   Skills:
 + Level 0.4 Short Blades
 - Level 1.5 Dodging
 - Level 2.4 Stealth
 + Level 2.3 Spellcasting
 + Level 5.1 Necromancy


You had 5 spell levels left.
You knew the following spells:

 Your Spells              Type           Power      Damage    Failure   Level
k - Necrotize             Necr           76%        1d7       2%          1

Your spell library contained the following spells:

 Spells                   Type           Power      Damage    Failure   Level
 Vampiric Draining        Necr           19%        2d7       7%          3
 Animate Dead             Necr           19%        N/A       22%         4
 Agony                    Necr           19%        N/A       52%         5


Dungeon Overview and Level Annotations

Branches:
Dungeon (2/15)

Altars:

Annotations:
D:2 Natasha


Innate Abilities, Weirdness & Mutations

You have extremely sharp teeth.
When hurt, damage is shared between your health and your magic reserves.
Your bite disrupts and absorbs the magic of your enemies.
Potions cannot restore your health.


Message History

You can't see any susceptible monsters within range! (Use Z to cast anyway.)
You swap places.
A giant cockroach comes into view.
Found a buckler, a ring mail, a cloak and a scroll labelled QES ILOTOCKABB.
The giant cockroach writhes in agony.
The giant cockroach barely resists.
You hit the giant cockroach but do no damage.
You bite the giant cockroach.
You kill the giant cockroach!
You see here a +0 buckler.
V - a +0 buckler Your quokka skeleton crumbles into dust!
You see here a +0 ring mail.
W - a +0 cloak You start putting on your armour.
You continue putting on your +0 cloak. x4
You finish putting on your +0 cloak.
X - a scroll labelled QES ILOTOCKABB An endoplasm comes into view.
The endoplasm quivers.
The endoplasm writhes in agony!
You kill the endoplasm!
Natasha and a goblin come into view.
Natasha hisses angrily.
Natasha mumbles some strange words.
You hit the white imp.
The white imp is moderately wounded.
Natasha drinks a potion.
Natasha seems to speed up.
The white imp shouts, "Slither hence, thou fobbing mumble-news coxcomb!"
The white imp gestures at you. The puff of frost hits you!
This is a scroll of acquirement!
Something appears at your feet! The white imp misses you.
Y - the +3 pair of gauntlets of War {Slay+5} The white imp gestures at you.
The puff of frost hits you!
As you read the scroll labelled MIOHIYNOIM, it crumbles to dust.
Magic quickly surges around you.
It was a scroll of vulnerability.
The white imp gestures at you. The puff of frost misses you.
As you read the scroll labelled MEUKHLAD HONOHU, it crumbles to dust.
It is a scroll of amnesia.
Really abort (and waste the scroll)?
Okay, then.
Natasha mumbles some strange words.
You feel troubled.
Natasha casts a spell.
The white imp gestures at you. The puff of frost hits you!
Ouch! That really hurt!
You die...

### ##.## ##.#.##
##.#.#.##
##†#.#.#.##
##.#.###.#.##
##.#.##.##.#[##
##.#.##.#@##.#)##
##.#.##
#5#.##.#.##
##.#.##
#h#.#.##.#.##
##.#.##
#g##..#.##.#.#
#####.#.##
#5##..#.##.#.##
.....#.##
#.##..#.##.#.##
###...##
#.##.#[.##.#.##
##.##
.##.#..##[#.##
### #.#..##.#.##


You could see Natasha (fast, weak-willed), 2 white imps and a goblin
(weak-willed).

Vanquished Creatures
  2 worms (D:2)
  A dart slug (D:1)
  A ball python (D:1)
  4 bats
  4 endoplasms
  4 giant cockroaches
  2 hobgoblins (D:1)
  2 jackals (D:1)
  3 kobolds
  2 quokkas
  2 frilled lizards (D:1)
  2 goblins
  3 rats (D:1)
32 creatures vanquished.

Vanquished Creatures (collateral kills)
  An endoplasm (D:1)
  A hobgoblin (D:1)
  A kobold (D:1)
3 creatures vanquished.

Grand Total: 35 creatures vanquished

Notes
Turn   | Place    | Note
-------+----------+-------------------------------------------
     0 | D:1      | Ge0ff the Vine Stalker Necromancer began the quest for the
                  | Orb.
     0 | D:1      | Reached XP level 1. HP: 9/9 MP: 4/4
   402 | D:1      | Reached XP level 2. HP: 13/13 MP: 0/6
   704 | D:1      | Reached XP level 3. HP: 3/16 MP: 2/7
   707 | D:1      | Reached skill level 5 in Necromancy
  1677 | D:2      | Noticed Natasha
  1679 | D:2      | Identified a scroll of acquirement
  1679 | D:2      | Acquired the +3 pair of gauntlets of War {Slay+5}
  1679 | D:2      | Found the +3 pair of gauntlets of War {Slay+5}
  1682 | D:2      | Killed from afar by a white imp

Illustrated notes

Levels and vault maps discovered:
D:1:      dpeg_arrival_signposts, layout_loops_ring, minmay_misc_feat_tiny
D:2:      minmay_inner_zag, layout_basic, hellmonk_ecumenical_altar_crossroads,
          basic_altar, uniq_natasha, uniq_jessica

Skill      XL: |  1  2  3 |
---------------+----------+-----
Necromancy     | 5 |  5.1
Short Blades   | |  0.4
Dodging        | |  1.5
Stealth        | |  2.4
Spellcasting   | |  2.3

Action                   || total
-------------------------++-------
Melee: Unarmed           ||     6
       Bite              ||    12
       Dagger            ||    22
 Cast: Necrotize         ||    53
  Use: Scroll            ||     3
 Stab: Distracted        ||     1
Armor: Robe              ||     3
Dodge: Dodged            ||    14

Table legend: (Time is in decaauts)
 A = Elapsed time spent in this place.
 B = Non-inter-level travel time spent in this place.
 C = Inter-level travel time spent in this place.
 D = Time resting spent in this place.
 E = Time spent auto-exploring this place.
 F = Levels seen in this place.
 G = Mean time per level.
                   A        B        C        D        E       F      G
               +--------+--------+--------+--------+--------+-----+--------+
         Total |   1681 |   1649 |     32 |      0 |   1470 |   2 |  840.5 |
       Dungeon |   1681 |   1649 |     32 |      0 |   1470 |   2 |  840.5 |
               +--------+--------+--------+--------+--------+-----+--------+

Top non-repeatable levels by time:
     D:1: 1423 daAuts
     D:2: 257 daAuts
